 Dungeon Crawl Stone Soup version 0.31.0-11-ge490571c62 (webtiles) character file.

Game seed: 5145103814105187276

130 ChickenMitten the Poker (level 5, -2/54 HPs)
             Began as an Oni Gladiator on Feb 4, 2024.
             Slain by a gnoll
             ... wielding a +0 halberd
              (8 damage)
             ... on level 4 of the Dungeon.
             The game lasted 00:14:26 (2738 turns).

ChickenMitten the Poker (Oni Gladiator)             Turns: 2738, Time: 00:14:27

Health: -2/54      AC:  3    Str: 18    XL:     5   Next: 13%
Magic:  5/5        EV: 10    Int:  9    God:
Gold:   100        SH:  5    Dex: 12    Spells: 4/4 levels left

rFire   + . .        a - +0 trident
rCold   + . .        (no shield)
rNeg    . . .        b - +0 robe
rPois   +            c - +0 hat
rElec   +            (no cloak)
rCorr   +            (gloves unavailable)
SInv    .            (boots unavailable)
Will    .....        o - amulet of reflection
Stlth   +            (no ring)
HPRegen 0.29/turn    (no ring)
MPRegen 0.09/turn

%: reflection
@: resistant
A: large, unfitting armour, horns 1, tough skin 1, double potion healing,
drunken brawling
a: no special abilities


You were on level 4 of the Dungeon.
You visited 1 branch of the dungeon, and saw 4 of its levels.

You collected 100 gold pieces.

Inventory:

Hand Weapons
 a - a +0 trident (weapon)
 g - a +0 dagger
 h - a +0 club
 q - a +0 dagger
Missiles
 d - 2 throwing nets (quivered)
 e - a large rock
Armour
 b - a +0 robe (worn)
 c - a +0 hat (worn)
Jewellery
 o - an amulet of reflection (around neck)
 y - an amulet of faith
Scrolls
 f - 10 scrolls of identify
 i - 2 scrolls of fog
 l - a scroll of acquirement {unknown}
 m - a scroll of enchant weapon {unknown}
 n - 2 scrolls of teleportation {unknown}
 r - a scroll of noise {unknown}
 w - a scroll of blinking {unknown}
 z - a scroll of summoning {unknown}
 A - a scroll of enchant armour {unknown}
Potions
 j - 2 potions of enlightenment
 k - 2 potions of magic {unknown}
 p - a potion of invisibility {unknown}
 s - a potion of mutation {unknown}
 t - a potion of degeneration {unknown}
 u - 2 potions of haste {unknown}
 x - a potion of cancellation {unknown}
 B - a potion of might {unknown}


   Skills:
 * Level 4.1 Fighting
 + Level 5.1 Polearms
 - Level 2.0 Throwing
 - Level 2.6 Dodging


You had 4 spell levels left.
You didn't know any spells.
Your spell library contained the following spells:

 Spells                   Type           Power      Damage    Failure   Level
 Sting                    Conj/Alch      0%         1d3       38%         1
 Mercury Vapours          Alch/Air       0%         N/A       52%         2
 Olgreb's Toxic Radiance  Alch           0%         N/A       99%         4


Dungeon Overview and Level Annotations

Branches:
Dungeon (4/15)
 Temple: D:4-7

Altars:
Vehumet


Innate Abilities, Weirdness & Mutations

You are too large for most types of armour.
You have a pair of small horns on your head.
You have tough skin. (AC +1)
You gain doubled healing and magic from potions.
Whenever you drink a healing potion, you attack all around you.


Message History

You kill the gnoll!
You hit the gnoll.
The gnoll is lightly wounded.
The gnoll hits you with a +0 flail. You block the gnoll's attack.
You hit the gnoll but do no damage. You headbutt the gnoll.
The gnoll is moderately wounded.
The gnoll hits you from afar with a +0 halberd.
You hit the gnoll. You headbutt the gnoll.
The gnoll is almost dead.
The gnoll hits you with a +0 flail.
The gnoll hits you from afar with a +0 halberd!
You are too injured to fight recklessly!
You closely miss the gnoll.
The gnoll is almost dead.
You block the gnoll's attack.
The gnoll hits you from afar with a +0 halberd!
You closely miss the gnoll.
The gnoll is almost dead.
You block the gnoll's attack.
The gnoll hits you from afar with a +0 halberd.
You closely miss the gnoll.
The gnoll is almost dead.
The gnoll completely misses you. You block the gnoll's attack.
You closely miss the gnoll. You headbutt the gnoll.
The gnoll is almost dead.
The gnoll hits you with a +0 flail!
* * * LOW HITPOINT WARNING * * *
The gnoll barely misses you.
You hit the gnoll but do no damage.
The gnoll is almost dead.
The gnoll closely misses you. x2
It was a potion of resistance.
You feel protected. The gnoll hits you with a +0 flail!
* * * LOW HITPOINT WARNING * * *
The gnoll barely misses you.
You hit the gnoll.
You kill the gnoll!
The gnoll hits you from afar with a +0 halberd!
You die...

#.# #.# #.# ...
###.# #####...#
..........#
.......)@#
......#)#######
#.... #g......#
#..####.......#
#..#..........#
#..)..........#
##......#######
#.# ###...#..#
#.#
###....##..#


You could see a gnoll.

Vanquished Creatures
  5 gnolls
  3 adders
  3 ribbon worms
  2 orcs
  7 endoplasms
  4 giant cockroaches
  7 goblins
  4 hobgoblins
  6 ball pythons
  6 bats
  A frilled lizard (D:1)
  9 kobolds
57 creatures vanquished.

Notes
Turn   | Place    | Note
-------+----------+-------------------------------------------
     0 | D:1      | ChickenMitten the Oni Gladiator began the quest for the
                  | Orb.
     0 | D:1      | Reached XP level 1. HP: 22/22 MP: 1/1
   245 | D:1      | Reached XP level 2. HP: 31/31 MP: 2/2
   584 | D:1      | Reached XP level 3. HP: 37/37 MP: 3/3
  1015 | D:2      | Reached skill level 4 in Polearms
  1122 | D:2      | Reached XP level 4. HP: 44/48 MP: 4/4
  1307 | D:2      | Found a faded altar of an unknown god.
  1319 | D:2      | Prayed at the altar of an unknown god.
  1319 | D:2      | Became a worshipper of Vehumet
  1319 | D:2      | Reached * piety under Vehumet
  1319 | D:2      | Offered knowledge of Sandblast by Vehumet.
  1320 | D:2      | Fell from the grace of Vehumet
  2368 | D:3      | Reached XP level 5. HP: 54/54 MP: 5/5
  2713 | D:4      | Reached skill level 5 in Polearms
  2738 | D:4      | Slain by a gnoll

Illustrated notes

Levels and vault maps discovered:
D:1:      psy_arrival_basics, layout_loops_ring, kennysheep_small_spiral,
          minmay_tetromino_t2
D:2:      layout_loops_corners, hellmonk_ecumenical_altar_run_dry,
          grunt_ministairs_3, minmay_misc_feat_tower, kennysheep_generic_room_13
D:3:      layout_loops_ring
D:4:      layout_rooms, lightli_temple_of_fire

Skill      XL: |  1  2  3  4  5 |
---------------+----------------+-----
Fighting       | 3 4 |  4.1
Polearms       | 4 5 |  5.1
Throwing       | |  2.0
Dodging        | |  2.6

Action                     |  1- 3 |  4- 6 || total
---------------------------+-------+-------++-------
  Melee: Trident           |    95 |    83 ||   178
         Headbutt          |     6 |    12 ||    18
         Punch             |     2 |       ||     2
  Throw: Throwing net      |     2 |       ||     2
 Invoke: Renounce Religion |       |     1 ||     1
    Use: Scroll            |     2 |       ||     2
         Potion            |       |     1 ||     1
   Stab: Held in net/web   |     1 |       ||     1
         Sleeping          |     1 |       ||     1
 Armour: Robe              |    30 |    40 ||    70
  Dodge: Dodged            |    31 |    27 ||    58
  Block: Other             |       |    11 ||    11
         Reflection        |       |     1 ||     1
